[Event "Early-Titled-Tuesday-Blitz-October-24-2023"]
[Site "Chess.com"]
[Date "2023.10.24"]
[Round "4"]
[White "cristiano78"]
[Black "PattyCastillo"]
[Result "1-0"]
[WhiteElo "2247"]
[BlackElo "2021"]
[TimeControl "180+1"]
[EndTime "8:38:17 PDT"]
[Termination "cristiano78 won by resignation"]

1. d4 d5 2. c4 c6 3. Nf3 Nf6 4.
Nc3 e6 5. Bg5 Be7 6. e3 Nbd7 7.
Rc1 h6 8. Bh4 b6 9. Be2 Bb7 10.
O-O O-O 11. a3 a6 12. b4 c5 13. dxc5 bxc5 14. b5 axb5 15. cxb5 Rxa3 16. Qc2 Ne4 17. Nxe4 dxe4 18. Bxe7 Qxe7 19. Nd2 f5 20. Nc4 Raa8 21.
Rfd1 Bd5 22. Rb1 Rab8 23. Na5 Rb6 24. Bc4 Nf6 25. Bxd5 exd5 26. Nc6 Qd7 27. Qxc5 Rb7 28. h3 Rc8 29. Qd4 Rb6 30. Qe5 Rb7 31. Rbc1 Re8 32. Qb2 Re6 33. Qb3 Rxc6 34. bxc6 Rxb3 35. cxd7 Nxd7 36. Rxd5 Nf6 37. Rxf5 Kh7 38. Rc7 Kg6 39. Re5 Rb1+ 40. Kh2 Rb2 41. Ree7 Rxf2 42. Rxg7+ Kf5 43. Kg1 Re2 44. Rc5+ Ke6 45. Rg6 Kf7 46. Rxh6 Rxe3 47.
Rf5 Re1+ 48. Kh2 1-0

[Event "Early-Titled-Tuesday-Blitz-October-24-2023"]
[Site "Chess.com"]
[Date "2023.10.24"]
[Round "4"]
[White "Duhless"]
[Black "c63_amg"]
[Result "1-0"]
[WhiteElo "3089"]
[BlackElo "2814"]
[TimeControl "180+1"]
[EndTime "8:38:19 PDT"]
[Termination "Duhless won on time"]

1. d4 Nf6 2. Nf3 e6 3. c4 Bb4+ 4. Nbd2 b6 5. g3 Ba6 6. Qc2 Bb7 7. Bg2 Be4 8. Qd1 O-O 9. O-O Bxd2 10. Qxd2 a5 11. b3 d6 12. Bb2 Nbd7 13. Rfe1 Qe7 14.
Qc3 h6 15. Bf1 Bb7 16. Nd2 c5 17. e4 cxd4 18. Qxd4 e5 19. Qe3 Nc5 20. f3 Ne6 21. Rad1 Qc7 22. Be2 Qc5 23. Nf1 Rfd8 24. Rd2 a4 25. Red1 axb3 26. axb3 Ra2 27. Bc3 Rda8 28. b4 Qxe3+ 29. Nxe3 Rxd2 30. Rxd2 Ra3 31. Nd1 Ne8 32. Kf2 g6 33. Bd3 N8g7 34. Bb1 Ne8 35. Ra2 Rxa2+ 36. Bxa2 Kf8 37. Nb2 Ke7 38. Na4 f5 39. exf5 gxf5 40. Nxb6 Ng5 41. Nd5+ Bxd5 42. cxd5 e4 43. f4 Nf3 44. h3 Nc7 45. Bc4 h5 46. b5 Na8 47.
Be2 Nb6 48. Bxf3 exf3 49. Kxf3 Nxd5 50. Bd4 1-0

[Event "Early-Titled-Tuesday-Blitz-October-24-2023"]
[Site "Chess.com"]
[Date "2023.10.24"]
[Round "4"]
[White "Manukyan_Artak"]
[Black "Hovik_Hayrapetyan"]
[Result "0-1"]
[WhiteElo "2405"]
[BlackElo "2802"]
[TimeControl "180+1"]
[EndTime "8:38:19 PDT"]
[Termination "Hovik_Hayrapetyan won by resignation"]

1. e4 c5 2. Nf3 d6 3. Bb5+ Nd7 4.
O-O a6 5. Bd3 Ngf6 6. a4 e6 7.
Re1 b6 8. c3 Bb7 9. Bc2 c4 10.
b3 b5 11. bxc4 bxc4 12. Na3 Rc8 13. Qe2 Qc7 14. Bb1 Be7 15. Nd4 O-O 16. f3 Ne5 17.
h3 Nh5 18. g4 Nf4 19. Qh2 g5 20. h4 Qc5 21. Kf1 h6 22. Nac2 Ned3 23. Rd1 Nxc1 24.
Rxc1 Bf6 25. Ne2 Nd3 26. Rd1 Be5 27. Qg1 gxh4 28. Qxc5 Nxc5 29. Ne3 d5 30. exd5 exd5 31. Nf5 Rfe8 32. Nxh6+ Kf8 33. f4 Bb8 34. Nf5 Nb3 35. Ra2 h3 36. Ned4 Bxf4 37. Kf2 h2 38. Rh1 Nxd2 39. Bc2 Re5 40. Raa1 Rce8 41. Rae1 Rxe1 42. Rxe1 Rxe1 43. Kxe1 h1=Q+ 0-1

[Event "Early-Titled-Tuesday-Blitz-October-24-2023"]
[Site "Chess.com"]
[Date "2023.10.24"]
[Round "4"]
[White "Fan_Of_Chucky"]
[Black "BardArtem"]
[Result "1-0"]
[WhiteElo "2534"]
[BlackElo "2687"]
[TimeControl "180+1"]
[EndTime "8:38:21 PDT"]
[Termination "Fan_Of_Chucky won on time"]

1. d4 d5 2. Nc3 Nf6 3. Bf4 c5 4.
e3 cxd4 5. exd4 a6 6. Be2 Nc6 7. Nf3 Bg4 8. Ne5 Bxe2 9. Qxe2 Rc8 10. Nxc6 Rxc6 11. O-O e6 12. Bg5 Be7 13. Nb1 Ne4 14. Bxe7 Qxe7 15. c3 Rb6 16. Qc2 Qg5 17. c4 O-O 18. c5 Rb4 19. Rd1 Rc4 20. Nc3 Qg6 21. Qb3 Rb8 22. Rac1 h6 23. Nxe4 Rxc1 24. Rxc1 Qxe4 25.
Qe3 Qxe3 26. fxe3 Kf8 27. Kf2 Ke7 28. b4 Kd7 29. a4 Kc6 30. Ke2 f6 31. Rb1 Ra8 32.
Kd3 e5 33. h4 Re8 34. b5+ axb5 35. axb5+ Kc7 36. Ra1 exd4 37. exd4 Re4 38. h5 Rg4 39. Ra8 Rg3+ 40. Kd2 Rxg2+ 41. Kc3 Rg3+ 42. Kb4 Rd3 43. b6+ Kd7 44. Rb8 Rxd4+ 45. Kb5 Rd1 46. Rxb7+ Kc8 47. Rxg7 Rg1 48. Rxg1 1-0

[Event "Early-Titled-Tuesday-Blitz-October-24-2023"]
[Site "Chess.com"]
[Date "2023.10.24"]
[Round "4"]
[White "attack2mateU"]
[Black "Ykow"]
[Result "1-0"]
[WhiteElo "2725"]
[BlackElo "2520"]
[TimeControl "180+1"]
[EndTime "8:38:22 PDT"]
[Termination "attack2mateU won on time"]

1. e4 c5 2. Nf3 Nc6 3. Bb5 Qb6 4. Bxc6 Qxc6 5. O-O e6 6. d4 cxd4 7. Nxd4 Qc7 8. Nc3 a6 9. Qf3 d6 10. Bg5 h6 11.
Bh4 Ne7 12. Rad1 Ng6 13. Bg3 Be7 14. Ndb5 axb5 15. Nxb5 Qc6 16. Nxd6+ Bxd6 17. Bxd6 f5 18. Qh5 Kf7 19. Rfe1 Re8 20. e5 Ra4 21. b4 Rxa2 22.
Rd3 Qxc2 23. Rf3 Bd7 24. g4 Bc6 25. gxf5 Kg8 26. Qxg6 Qd2 27. Rf1 Qg5+ 28. Qxg5 hxg5 29. Rg3 exf5 30. Rxg5 Re6 31. h4 g6 32. Kh2 Kh7 33. Kg3 Rb2 34. h5 gxh5 35. Rxf5 Rg6+ 36. Kh4 Rg4+ 37.
Kxh5 Rg2 38. Rg5 Rgxf2 39. Rxf2 Rxf2 40. Rg1 Be8+ 41. Kg5 Kg8 42. e6 Re2 43. Kf6+ Kh8 44. Rh1+ Kg8 45. Rg1+ Kh8 46. Ke7 Bh5 47. Kd7 Kh7 48.
e7 Re4 49. Rh1 Kg6 50. Rxh5 Kxh5 51. e8=Q+ Rxe8 52. Kxe8 1-0

[Event "Early-Titled-Tuesday-Blitz-October-24-2023"]
[Site "Chess.com"]
[Date "2023.10.24"]
[Round "4"]
[White "GeorgiosSouleidis"]
[Black "ideika"]
[Result "1-0"]
[WhiteElo "2621"]
[BlackElo "2376"]
[TimeControl "180+1"]
[EndTime "8:38:23 PDT"]
[Termination "GeorgiosSouleidis won by resignation"]

1. e4 e5 2. Nc3 Nc6 3. Nf3 Nf6 4. d4 exd4 5. Nxd4 Bb4 6. Nxc6 bxc6 7. Bd3 Qe7 8. O-O O-O 9. Qf3 d6 10. h3 Nd7 11. Qg3 Ne5 12. Bd2 f5 13. exf5 Bxf5 14.
Bxf5 Rxf5 15. Rae1 Raf8 16. f4 Qf7 17. a3 Ba5 18. b4 Bb6+ 19. Kh2 Nc4 20. Bc1 d5 21. Qh4 Qf6 22. Qxf6 R5xf6 23. Re7 d4 24. Ne4 R6f7 25. Rxf7 Rxf7 26. Ng5 Rf5 27. Re1 Ne3 28. Bxe3 dxe3 29.
Kg3 h6 30. Ne4 Rf8 31. Kf3 Re8 32. c4 Bd4 33. g4 Kf7 34. h4 Kg6 35. h5+ Kf7 36. g5 hxg5 37. fxg5 g6 38. h6 Kg8 39. Rh1 Kh7 40. Rh2 a6 41. Rg2 Rf8+ 42. Ke2 Rf5 43.
Kd3 c5 44. bxc5 c6 45. Rc2 Rf8 46. Kxd4 e2 47. Rxe2 Rb8 48. Nf6+ Kh8 49. Re7 1-0

[Event "Early-Titled-Tuesday-Blitz-October-24-2023"]
[Site "Chess.com"]
[Date "2023.10.24"]
[Round "4"]
[White "whiteglovethief"]
[Black "GMJustin"]
[Result "0-1"]
[WhiteElo "2429"]
[BlackElo "2229"]
[TimeControl "180+1"]
[EndTime "8:38:23 PDT"]
[Termination "GMJustin won by resignation"]

1. d4 d5 2. c4 Bf5 3. cxd5 Bxb1 4. Rxb1 Qxd5 5. b3 e5 6. Nf3 e4 7. Nd2 Qxd4 8. e3 Qe5 9. Bb2 Qa5 10. a3 Nf6 11. b4 Qb6 12. Nc4 Qe6 13. Be2 Be7 14. O-O O-O 15. Qc2 Nbd7 16. Na5 c5 17. Bc4 Qb6 18. Bc3 Rac8 19. bxc5 Qxc5 20. Bb4 Qe5 21.
Bxe7 Qxe7 22. Rxb7 Qxa3 23. Rxa7 Qc5 24. Ra6 Nb8 25. Ra8 Nbd7 26. Rxc8 Rxc8 27. Rc1 Qxa5 28. Bxf7+ Kxf7 29. Qxc8 Qd2 30. h3 Ne5 31. Qc2 Qxc2 32. Rxc2 Nd3 33. Rc4 g5 34. Rd4 h5 35. f3 Ke6 36.
fxe4 Nc5 37. e5 Kxe5 38. Kf2 Nce4+ 39. Kf3 g4+ 40. hxg4 hxg4+ 41. Ke2 Nd5 42. Rd1 Ndc3+ 43. Ke1 Nxd1 44. Kxd1 Ng3 45. Ke1 Ke4 46. Kf2 Nf5 47.
Kg1 g3 48. Kh1 Kxe3 49. Kg1 Ke2 50. Kh1 Nh4 51. Kg1 Ke1 52. Kh1 Nf3 53. gxf3 Kf2 0-1

[Event "Early-Titled-Tuesday-Blitz-October-24-2023"]
[Site "Chess.com"]
[Date "2023.10.24"]
[Round "4"]
[White "AsselLesbekova"]
[Black "dennisodessa"]
[Result "0-1"]
[WhiteElo "2218"]
[BlackElo "2561"]
[TimeControl "180+1"]
[EndTime "8:38:24 PDT"]
[Termination "dennisodessa won by resignation"]

1. e4 e6 2. d4 d5 3. Nc3 Bb4 4. Ne2 dxe4 5. a3 Bxc3+ 6. Nxc3 Nf6 7.
Bg5 Nbd7 8. Nxe4 h6 9. Nxf6+ Nxf6 10. Be3 Bd7 11. Be2 Bc6 12. Bf3 Qd7 13. Qe2 O-O 14.
O-O a6 15. Rad1 Rad8 16. Rfe1 Rfe8 17. c4 Bxf3 18. Qxf3 c6 19. h3 Qc7 20. Bxh6 e5 21. dxe5 Rxd1 22. Rxd1 Qxe5 23. Bc1 Qe2 24. Qxe2 Rxe2 25.
Kf1 Rc2 26. b4 Rxc4 27. Bb2 Nd5 28. Re1 Kf8 29. g3 f6 30. Rc1 Rxc1+ 31. Bxc1 Ke7 32.
Ke2 b6 33. Kd3 Kd6 34. Kc4 c5 35. bxc5+ bxc5 36. Bf4+ Nxf4 37. gxf4 f5 38. h4 g6 39. f3 Kc6 40. a4 Kd6 41. Kc3 Kd5 42. Kd3 c4+ 43.
Kc3 Kc5 44. a5 Kd5 45. Kc2 Kd4 46. Kd2 c3+ 47. Kc2 Kc4 48. Kc1 Kd3 49. Kd1 Kc4 50. Kc2 Kb4 51. Kc1 Kxa5 0-1

[Event "Early-Titled-Tuesday-Blitz-October-24-2023"]
[Site "Chess.com"]
[Date "2023.10.24"]
[Round "4"]
[White "Nbk90"]
[Black "KononenkoD"]
[Result "1-0"]
[WhiteElo "2213"]
[BlackElo "2581"]
[TimeControl "180+1"]
[EndTime "8:38:25 PDT"]
[Termination "Nbk90 won by resignation"]

1. e4 d5 2. exd5 Qxd5 3. Nc3 Qa5 4. d4 Nf6 5. Nf3 Bg4 6. h3 Bh5 7. g4 Bg6 8. Ne5 e6 9. Nc4 Qa6 10.
Bf4 Qc6 11. f3 Bb4 12. Bd2 Nbd7 13. a4 a6 14. h4 h5 15. g5 Nd5 16. Nxd5 Bxd2+ 17. Qxd2 exd5 18. Ne3 O-O 19. Bh3 Rfe8 20. Kf2 Nf8 21. Rhe1 Ne6 22. Bxe6 Rxe6 23. Ng2 Rae8 24. Rxe6 Rxe6 25. Nf4 Re7 26. c3 Qd6 27. Re1 Rxe1 28. Kxe1 Bf5 29. Kf2 g6 30. Qe3 Kf8 31. a5 b6 32.
axb6 cxb6 33. Qe5 Qxe5 34. dxe5 Be6 35. Ke3 Ke7 36. Kd4 Kd7 37. Nxd5 Kc6 38. c4 b5 39. cxb5+ axb5 40. Nb4+ Kb6 41. Nd3 Kc6 42. b4 Bf5 43. Nc5 Bc8 44. e6 fxe6 45. Ke5 Kc7 46. Nxe6+ Kd7 47. Nd4 Ke7 48. Nxb5 Bb7 49. f4 Bf3 50.
Nd4 Bg4 51. f5 gxf5 52. Nxf5+ Kd7 53. Nd4 Ke7 54. b5 Bc8 55. g6 Bb7 56. b6 Bg2 57. Nf5+ Kf8 58. Kf6 Bd5 59. g7+ Ke8 60. b7 Bxb7 61.
Nd6+ 1-0

[Event "Early-Titled-Tuesday-Blitz-October-24-2023"]
[Site "Chess.com"]
[Date "2023.10.24"]
[Round "4"]
[White "svilson23"]
[Black "wanyaland"]
[Result "1-0"]
[WhiteElo "2276"]
[BlackElo "2448"]
[TimeControl "180+1"]
[EndTime "8:38:26 PDT"]
[Termination "svilson23 won by checkmate"]

1. d4 d5 2. Bg5 c6 3. Nf3 Bf5 4. e3 Nd7 5. c4 dxc4 6. Bxc4 Be4 7. Nbd2 Bg6 8. O-O Ngf6 9. Re1 Qb6 10. e4 e6 11. d5 e5 12. Bxf6 gxf6 13. dxc6 bxc6 14. Nh4 Qxb2 15. Rb1 Qa3 16. Rb7 Rd8 17. Re3 Qa5 18.
Rd3 Nc5 19. Rxd8+ Qxd8 20. Nxg6 Nxb7 21. Nxh8 Bb4 22. Qh5 Nd6 23. Nxf7 Qe7 24. Nxd6+ Kd7 25. Nf5 Qc5 26. Qf7+ Kc8 27. Nf1 Kb8 28. h3 a5 29.
Qg8+ Qf8 30. Qxf8+ Bxf8 31. N1e3 Kc7 32. Nc2 Kb6 33.
Kf1 Kc5 34. Bg8 h6 35. Ke2 a4 36. g4 Kb5 37. h4 c5 38. Kd3 Kc6 39. Bc4 Kb6 40. f3 Ka5 41. a3 Kb6 42. Nce3 Kc6 43.
Nd5 Kd7 44. Nxf6+ Kc6 45. Ng8 h5 46. g5 Kd7 47. Nf6+ Kc6 48. Nxh5 Kd7 49. Nhg3 Ke8 50. h5 Kd7 51. g6 Bh6 52. Nxh6 Ke7 53. Nhf5+ Kf6 54. g7 Kg5 55. g8=Q+ Kf4 56. Qg4# 1-0

[Event "Early-Titled-Tuesday-Blitz-October-24-2023"]
[Site "Chess.com"]
[Date "2023.10.24"]
[Round "4"]
[White "Masterbeaterr"]
[Black "IljaZaragatski"]
[Result "0-1"]
[WhiteElo "2441"]
[BlackElo "2648"]
[TimeControl "180+1"]
[EndTime "8:38:27 PDT"]
[Termination "IljaZaragatski won by resignation"]

1. d4 Nf6 2. c4 c5 3. d5 b5 4.
Qc2 bxc4 5. e4 e6 6. Nc3 exd5 7. exd5 d6 8. Bxc4 Be7 9. Nf3 O-O 10. O-O Nbd7 11.
h3 Nb6 12. b3 Nxc4 13. bxc4 Re8 14. Bf4 Rb8 15. Rfe1 g6 16. Nb5 a6 17. Rxe7 Rxe7 18. Bxd6 axb5 19. Bxb8 Bf5 20. Qb2 Qxb8 21. Qxf6 Qd8 22.
Kh2 bxc4 23. Re1 Qb8+ 24. g3 Rxe1 25. Nxe1 c3 26. d6 Qb2 27. Kg1 Qd2 28. Qe5 Qd4 29.
Qe8+ Kg7 30. g4 Be6 31. d7 Qxd7 32. Qxd7 Bxd7 33. Kf1 Bb5+ 34. Kg2 Ba4 35. Kf3 c4 36. Ke3 Kf6 37. f4 Ke6 38. Nf3 c2 39. Kd2 Kd5 40.
Ne5 f6 41. Nf3 Ke4 42. Ne1 Kxf4 43. Nxc2 Kg3 44. Ne3 Bb5 45. Kc3 Kxh3 46. Kb4 Ba6 47. a4 h5 48. gxh5 gxh5 49. Ka5 Bc8 50. Kb5 h4 51. Kxc4 Kg3 52. Kd5 h3 53. Ke4 Bb7+ 54.
Kf5 Kf2 55. Ng4+ Kg1 56. Kxf6 Bc8 0-1

[Event "Early-Titled-Tuesday-Blitz-October-24-2023"]
[Site "Chess.com"]
[Date "2023.10.24"]
[Round "4"]
[White "MokshAD1603"]
[Black "RamyresCoelho"]
[Result "1-0"]
[WhiteElo "2610"]
[BlackElo "2303"]
[TimeControl "180+1"]
[EndTime "8:38:28 PDT"]
[Termination "MokshAD1603 won by checkmate"]

1. c4 e5 2. g3 Ne7 3. Bg2 g6 4. Nc3 Bg7 5. e3 d6 6. h4 h5 7.
Nge2 Nbc6 8. d4 exd4 9. exd4 O-O 10.
O-O Bg4 11. Be3 Nf5 12. Qd2 Nxe3 13. fxe3 Re8 14. Rae1 Qd7 15. Kh2 Ne7 16. Nf4 Nf5 17. Bxb7 Rab8 18. Bg2 Bh6 19. Ncd5 Bg7 20. b3 c6 21. Nc3 Qe7 22. Bxc6 Rec8 23. Bg2 Re8 24.
Qd3 g5 25. Nfd5 Qd8 26. Rxf5 Bxf5 27. Qxf5 gxh4 28. Be4 hxg3+ 29. Kg2 Qh4 30. Rh1 Qg4 31. Rxh5 Qxf5 32. Rxf5 a5 33. Bd3 Re6 34. Kf3 Rg6 35. Kg2 Re6 36. Kxg3 Rg6+ 37. Kf3 Rh6 38. Rf4 Re8 39.
Ne4 Rh3+ 40. Ke2 Rh2+ 41. Kd1 Rh1+ 42. Kc2 Rh2+ 43. Kc3 Rxa2 44. Nef6+ Bxf6 45. Nxf6+ Kf8 46. Nxe8 Kxe8 47. Rf5 a4 48. bxa4 Rxa4 49. c5 dxc5 50. Bb5+ Ke7 51. Bxa4 Ke6 52. Rxc5 Kd6 53. Kc4 f5 54.
Rxf5 Kc7 55. Kd5 Kb6 56. Kd6 Ka7 57. e4 Kb6 58. e5 Kb7 59. e6 Kc8 60. e7 Kb7 61.
Rb5+ Ka6 62. e8=Q Ka7 63. Qb8+ Ka6 64. Qb6# 1-0

[Event "Early-Titled-Tuesday-Blitz-October-24-2023"]
[Site "Chess.com"]
[Date "2023.10.24"]
[Round "4"]
[White "Flaccidmoves"]
[Black "wannabe2700"]
[Result "0-1"]
[WhiteElo "2409"]
[BlackElo "2625"]
[TimeControl "180+1"]
[EndTime "8:38:29 PDT"]
[Termination "wannabe2700 won on time"]

1. e4 c5 2. c3 Nf6 3. e5 Nd5 4. d4 cxd4 5. Nf3 e6 6. cxd4 d6 7. a3 Nc6 8. Bd3 Be7 9. O-O O-O 10. Qe2 b6 11. Qe4 g6 12. Bh6 Re8 13. Nc3 dxe5 14.
dxe5 Bb7 15. Nxd5 exd5 16. Qf4 Bf8 17. Rfe1 Qe7 18. Bg5 Qe6 19. Bf6 Bg7 20. Ng5 Qd7 21. Bxg7 Kxg7 22. Qf6+ Kg8 23. e6 fxe6 24. Nxe6 Qe7 25.
Qxe7 Rxe7 26. Nf4 Ne5 27. Bf1 Rae8 28. Red1 Rc8 29. Nxd5 Bxd5 30. Rxd5 Rc2 31. b4 Ng4 32. f3 Ne3 33. Rd8+ Kf7 34. Re1 Nxf1 35. Rxe7+ Kxe7 36. Ra8 Ne3 37. Rxa7+ Kd6 38. Rxh7 Rxg2+ 39. Kh1 Rf2 40. h4 Rxf3 41. Kh2 Nf5 42. h5 g5 43. h6 g4 44.
Rh8 g3+ 45. Kh3 Rf2 46. h7 Rh2+ 47. Kg4 g2 48. Kxf5 g1=Q 49. Rd8+ Kc6 50. h8=Q Rxh8 51. Rxh8 Qb1+ 52. Ke6 Qe4+ 53. Kf7 Qf3+ 54. Kg7 Qxa3 55. Rh5 Qxb4 56. Kf6 Qd4+ 57. Ke6 b5 58. Rh6 Qd6+ 0-1

[Event "Early-Titled-Tuesday-Blitz-October-24-2023"]
[Site "Chess.com"]
[Date "2023.10.24"]
[Round "4"]
[White "ATM622"]
[Black "SlavenPastar"]
[Result "0-1"]
[WhiteElo "2405"]
[BlackElo "2608"]
[TimeControl "180+1"]
[EndTime "8:38:29 PDT"]
[Termination "SlavenPastar won by resignation"]

1. d4 b6 2. c4 Bb7 3. Nf3 g6 4. g3 Bg7 5. Bg2 Nf6 6. O-O O-O 7. Nbd2 e6 8. Qc2 d5 9. b3 c5 10. Bb2 Nbd7 11. Rac1 Rc8 12. Rfd1 dxc4 13. bxc4 cxd4 14. Nxd4 Bxg2 15. Kxg2 a6 16. Kg1 b5 17. Qb1 Qb6 18.
cxb5 axb5 19. Qd3 Nd5 20. Ba1 b4 21. Nc4 Qa6 22. e4 Nc3 23. Bxc3 Qxc4 24. Qxc4 Rxc4 25. Ba1 Rfc8 26. Rxc4 Rxc4 27. Kg2 Nc5 28. Kf3 Na4 29. h4 h5 30. Ke3 Nc3 31. Bxc3 Rxc3+ 32. Rd3 Rc1 33. Nb3 Rc2 34. Rd2 Rc3+ 35. Rd3 Rc4 36. f4 f5 37. e5 Bf8 38. Rd7 Rc3+ 39. Kd4 Rxg3 40. Nc5 Rg2 41. Kc4 Rc2+ 42. Kxb4 Rxc5 43. Kb3 Rb5+ 44. Kc3 Ra5 45. Kb3 Ra3+ 46. Kb2 Ra4 47. Rb7 Rxf4 48. Kb3 Rxh4 49. a4 Rh3+ 50. Kc4 Rh1 51. a5 Ra1 52. Ra7 h4 53. Kb3 h3 54.
Kb2 Ra4 55. Kb3 Ra1 56. Kb2 h2 0-1

[Event "Early-Titled-Tuesday-Blitz-October-24-2023"]
[Site "Chess.com"]
[Date "2023.10.24"]
[Round "4"]
[White "Truequitos"]
[Black "itsdsyr"]
[Result "0-1"]
[WhiteElo "2468"]
[BlackElo "2296"]
[TimeControl "180+1"]
[EndTime "8:38:32 PDT"]
[Termination "itsdsyr won on time"]

1. d4 Nf6 2. Nf3 d5 3. g3 c5 4. Bg2 e6 5. c4 Nc6 6. O-O Be7 7. b3 O-O 8. Bb2 b6 9. e3 Ba6 10. Nbd2 Rc8 11. Rc1 cxd4 12. exd4 Na5 13. Ne5 Bb4 14. Bc3 Bxc3 15. Rxc3 Qd6 16. Re1 Rfd8 17. Bf1 dxc4 18.
Ndxc4 Nxc4 19. Nxc4 Bxc4 20. Bxc4 Qxd4 21. Rd3 Rxc4 22.
Rxd4 Rcxd4 23. Qf3 R4d7 24. Qc6 h6 25. a4 Nd5 26.
Kg2 Nb4 27. Qc4 Nd3 28. Rb1 a5 29. Qc3 Nb4 30. h4 Rd2 31. Qc4 Rc2 32. Qb5 Nd5 33.
Re1 Rdc8 34. h5 R2c5 35. Qd7 R5c7 36. Qd6 Rc6 37. Qe5 Rc2 38. Rd1 R2c5 39. Kg1 Nc3 40. Re1 Rxe5 41. Rxe5 Nd5 42. g4 Kf8 43. g5 hxg5 44.
Rxg5 Rc3 0-1

[Event "Early-Titled-Tuesday-Blitz-October-24-2023"]
[Site "Chess.com"]
[Date "2023.10.24"]
[Round "4"]
[White "masterofpuppets2"]
[Black "GianmarcoVaR"]
[Result "1-0"]
[WhiteElo "2541"]
[BlackElo "2728"]
[TimeControl "180+1"]
[EndTime "8:38:33 PDT"]
[Termination "masterofpuppets2 won by checkmate"]

1. d4 Nf6 2. c4 e6 3. Nf3 d5 4. Nc3 a6 5. c5 Nc6 6. Bf4 Nh5 7. e3 Nxf4 8. exf4 b6 9. cxb6 cxb6 10. Bd3 Bd6 11. Ne5 Bb7 12. O-O O-O 13. Qh5 g6 14. Qd1 Nxd4 15. Bxg6 hxg6 16. Qxd4 Bc5 17. Qd3 Kg7 18.
Rad1 b5 19. Ne4 dxe4 20. Qc3 Bxf2+ 21. Kxf2 Qf6 22. Ke3 Rac8 23. Qb4 Rfd8 24. Nd7 Rxd7 25. Rxd7 Bd5 26. Qd4 Qxd4+ 27. Kxd4 Rc2 28. g4 Bc4 29. Rd1 Bd3 30. b3 Rxa2 31. h4 Rg2 32. f5 gxf5 33.
gxf5 exf5 34. Ke5 Kg6 35. Rd6+ Kh5 36. Rf6 Rf2 37. Rxf7 Kg4 38. Rg1+ Kf3 39. Rxf5+ Ke2 40. Rxf2+ Kxf2 41. Rd1 Bc2 42. Rd2+ Ke3 43. Rxc2 Kd3 44. Rc1 a5 45. h5 e3 46. Re1 Kd2 47. Rh1 a4 48. bxa4 bxa4 49. h6 a3 50. h7 a2 51.
h8=Q a1=Q+ 52. Rxa1 e2 53. Qh2 Kd3 54. Qh3+ Kd2 55.
Ra2+ Kd1 56. Qd3+ Kc1 57. Qc2# 1-0

[Event "Early-Titled-Tuesday-Blitz-October-24-2023"]
[Site "Chess.com"]
[Date "2023.10.24"]
[Round "4"]
[White "OhanyanEminChess"]
[Black "Oleksandr_Bortnyk"]
[Result "0-1"]
[WhiteElo "2810"]
[BlackElo "3045"]
[TimeControl "180+1"]
[EndTime "8:38:36 PDT"]
[Termination "Oleksandr_Bortnyk won by resignation"]

1. d4 Nf6 2. c4 d6 3. Nc3 g6 4. e4 Bg7 5. Be2 O-O 6. Be3 Na6 7. Nf3 e5 8. O-O Qe7 9. dxe5 dxe5 10. Nd5 Qd8 11.
Bg5 c6 12. Nxf6+ Bxf6 13. Qxd8 Bxd8 14. Bh6 Re8 15. a3 Nc5 16. Nd2 a5 17. b4 Ne6 18.
Nf3 g5 19. Rfd1 f6 20. h4 g4 21. Nh2 g3 22. fxg3 Nd4 23. Bh5 Re7 24. Nf3 Be6 25.
Nxd4 exd4 26. c5 Bc7 27. Bf4 Be5 28. Rab1 axb4 29. axb4 Rd7 30. Be2 Ra2 31. Bd3 Rd8 32. Ra1 Rda8 33. Rxa2 Rxa2 34. Rd2 Rxd2 35. Bxd2 Bxg3 36.
h5 Kg7 37. b5 h6 38. bxc6 bxc6 39. Ba6 Bb3 40. Kf1 Bc2 41. Be2 Bxe4 42. Bf3 Bd3+ 43. Kg1 Bb5 44. Be4 Bh4 45. g4 Bg5 46. Bb4 d3 47. Kf2 d2 48. Bc2 Kf7 49. Bb3+ Ke7 50. Kf3 Bd3 51. Bd1 Ke6 52. Bb3+ Kd7 53. Bd1 Kc7 54. Kf2 Kb7 55. Be2 Bc2 56. Bc3 d1=Q 57. Bxd1 Bxd1 58. Kg3 Ka6 0-1

[Event "Early-Titled-Tuesday-Blitz-October-24-2023"]
[Site "Chess.com"]
[Date "2023.10.24"]
[Round "4"]
[White "Artemiki"]
[Black "Fuzesabonyilaci"]
[Result "1-0"]
[WhiteElo "2319"]
[BlackElo "2370"]
[TimeControl "180+1"]
[EndTime "8:38:36 PDT"]
[Termination "Artemiki won by checkmate"]

1. e4 e6 2. d4 d5 3. Nc3 dxe4 4. Nxe4 Nd7 5. Nf3 Ngf6 6. Bd3 Nxe4 7. Bxe4 Nf6 8. Bd3 Be7 9. c3 b6 10. O-O Bb7 11.
Ne5 O-O 12. Bg5 c5 13. dxc5 Qd5 14. c6 Bxc6 15. Nxc6 Qxc6 16. Qc2 Rac8 17. Bxf6 Bxf6 18. Bxh7+ Kh8 19. Be4 Qc7 20. Rad1 g6 21. Qc1 Kg7 22. g3 Rh8 23. Bg2 b5 24. Qe3 a5 25. a3 Rh5 26.
Rd3 Rch8 27. h3 b4 28. axb4 axb4 29. cxb4 Rb5 30. Rfd1 Rxb4 31. b3 Rhb8 32. Rd7 Qb6 33. Qxb6 R4xb6 34. Ra7 Rxb3 35. Rdd7 Rf8 36. h4 Rb1+ 37.
Kh2 Rb2 38. f4 Bc3 39. Kh3 Rb3 40. h5 Be1 41. h6+ Kxh6 42. Rxf7 Rxg3+ 43. Kh2 Rxf7 44. Rxf7 Re3 45. Re7 Bg3+ 46. Kg1 Bxf4 47. Rf7 e5 48.
Bd5 Kg5 49. Rf8 Kh4 50. Rh8+ Kg3 51. Kf1 g5 52. Be6 Rc3 53. Rh3# 1-0

[Event "Early-Titled-Tuesday-Blitz-October-24-2023"]
[Site "Chess.com"]
[Date "2023.10.24"]
[Round "4"]
[White "ketster"]
[Black "IngOscarArdila"]
[Result "1-0"]
[WhiteElo "2506"]
[BlackElo "2307"]
[TimeControl "180+1"]
[EndTime "8:38:38 PDT"]
[Termination "ketster won by resignation"]

1. b3 Nf6 2. Bb2 e6 3. Nf3 Be7 4. g3 O-O 5. Bg2 d6 6. O-O Nbd7 7. c4 e5 8. d4 exd4 9. Nxd4 Re8 10. Nd2 Nc5 11.
e4 Bf8 12. Qc2 a5 13. Rad1 Bg4 14. f3 Bd7 15. Rfe1 h5 16. Nf1 h4 17. g4 g6 18.
Qf2 Nh7 19. Ne3 Bg7 20. Nd5 c6 21. Ne3 Ne6 22. Nxe6 Bxe6 23. Bxg7 Kxg7 24. f4 g5 25. e5 gxf4 26. Qxf4 dxe5 27. Qxe5+ Qf6 28. Qxf6+ Nxf6 29. h3 Rad8 30. Kf2 Kg6 31. Bf3 Kg5 32. Ng2 Nd7 33. Rd4 f6 34. Rd6 Ne5 35. Red1 Rxd6 36. Rxd6 Bf7 37. Ne3 Bg6 38. Be2 Re7 39. c5 Nf7 40. Rd4 Re5 41. Rd7 Rxc5 42. Rxb7 Ne5 43. Nc4 Nxc4 44.
Bxc4 Bb1 45. a4 Kf4 46. Rf7 f5 47. gxf5 Re5 48. Rc7 Re3 49. Rxc6 Rxh3 50. f6 Rh2+ 51. Kg1 Kg3 52. f7 Rg2+ 53. Kf1 Rf2+ 54. Ke1 Rf6 55.
Rxf6 1-0

[Event "Early-Titled-Tuesday-Blitz-October-24-2023"]
[Site "Chess.com"]
[Date "2023.10.24"]
[Round "4"]
[White "Witik"]
[Black "Meri-Arabidze"]
[Result "0-1"]
[WhiteElo "2788"]
[BlackElo "2575"]
[TimeControl "180+1"]
[EndTime "8:38:39 PDT"]
[Termination "Meri-Arabidze won by resignation"]

1. e4 d6 2. d4 g6 3. Nf3 Bg7 4. Bc4 e6 5. O-O Ne7 6. Re1 O-O 7. c3 a6 8. a4 b6 9. Nbd2 Bb7 10. Bd3 e5 11. dxe5 dxe5 12. Qc2 Nd7 13. b4 a5 14. Ba3 Re8 15. Nc4 axb4 16. cxb4 Nc6 17. Rad1 Nd4 18. Nxd4 exd4 19. f4 Nf6 20. Ne5 Rxe5 21. fxe5 Ng4 22.
e6 fxe6 23. Bc4 Qd6 24. e5 Nxe5 25. Qb3 Nxc4 26. Qxc4 Bd5 27. Qc2 e5 28. Bc1 c5 29.
bxc5 Qxc5 30. Qf2 Rxa4 31. Bg5 Ra2 32. Rd2 Rxd2 33. Qxd2 e4 34. Rc1 Qf8 35. Rf1 Qc5 36.
Rc1 Qf8 37. Rf1 Qe8 38. Qb4 e3 39. Qd6 Bf7 40. Bf6 e2 41. Re1 Bxf6 42. Qxf6 d3 43. Qc3 Qe3+ 44. Kh1 h5 45. h3 Qf2 46. Qd2 Kh7 47. Rg1 Bd5 48. Qxd3 Bxg2+ 49. Rxg2 e1=Q+ 50. Kh2 Qe5+ 51. Kh1 Qfe1+ 52. Rg1 Q1e4+ 53. Qxe4 Qxe4+ 54. Rg2 b5 0-1

[Event "Early-Titled-Tuesday-Blitz-October-24-2023"]
[Site "Chess.com"]
[Date "2023.10.24"]
[Round "4"]
[White "ShahxaibKhan"]
[Black "campochess"]
[Result "1-0"]
[WhiteElo "2407"]
[BlackElo "2192"]
[TimeControl "180+1"]
[EndTime "8:38:39 PDT"]
[Termination "ShahxaibKhan won on time"]

1. e4 c5 2. Nc3 Nc6 3. f4 a6 4.
Nf3 e6 5. d4 cxd4 6. Nxd4 Nge7 7. Be3 Nxd4 8. Qxd4 Nc6 9. Qd2 Bb4 10. Bc4 b5 11.
Bb3 Bb7 12. O-O Na5 13. Kh1 Bxe4 14. Qd4 Bxc3 15. bxc3 Nxb3 16. cxb3 Bc6 17. Qxg7 Rf8 18. Bc5 d6 19. Rad1 dxc5 20. Rxd8+ Rxd8 21. f5 Rd2 22. Rg1 exf5 23. h3 Be4 24. Kh2 Rd3 25. Re1 Rd2 26. Rxe4+ fxe4 27. Qe5+ Kd7 28. Qf5+ Kc6 29. Qxe4+ Kb6 30.
Qe3 Rfd8 31. Qe7 R8d7 32. Qf6+ R2d6 33. Qf2 Kc6 34. a4 Re6 35. Qf3+ Kb6 36. axb5 axb5 37. b4 cxb4 38. cxb4 Rde7 39. Qf2+ Kc6 40. Qc5+ Kd7 41. Qxb5+ Kd8 42. Qd5+ Ke8 43. Qa8+ Kd7 44. b5 Kd6 45. Qc6+ Ke5 46. Qc5+ Kf6 47. b6 Re5 48. Qc6+ R7e6 49.
Qc3 Kg6 50. b7 Rb6 51. Qd3+ Kf6 52. Qd8+ 1-0